 Dungeon Crawl Stone Soup version 0.32-a0-886-g41c5271027 (webtiles) character file.

Game seed: 7232637908774871445

1094 ragingrage the Grappler (level 8, -1/62 HPs)
             Began as a Barachi Shapeshifter on Apr 2, 2024.
             Slain by a wight
             ... wielding a +2 dagger of freezing
              (6 damage)
             ... on level 7 of the Dungeon.
             The game lasted 00:05:59 (4604 turns).

ragingrage the Grappler (Barachi Shapeshifter)      Turns: 4604, Time: 00:05:59

Health: -1/62      AC:  6    Str: 16    XL:     8   Next: 31%
Magic:  8/8        EV:  9    Int: 10    God:
Gold:   76         SH:  0    Dex: 12    Spells: 7/7 levels left

rFire   . .          .
                       - Unarmed
rCold   + . .        (no shield)
rNeg    + . .        g - +0 scale mail
rPois   .            (helmet currently unavailable)
rElec   .            (cloak currently unavailable)
rCorr   .            (gloves currently unavailable)
SInv    .            (boots currently unavailable)
Will    .....        (no amulet) Stlth
                     f - ring of positive energy
HPRegen 0.30/turn    j - ring of protection from cold
MPRegen 0.11/turn

%: no passive effects
@: beast-form, hasted, very quick
A: beast (slay +3), amphibious, slowness 1, strong legs 1, +LOS, horns 1, weak 1
a: Hop, Begin Untransformation


You were on level 7 of the Dungeon.
You were a hulking beast.
You visited 1 branch of the dungeon, and saw 7 of its levels.

You collected 180 gold pieces.
You spent 104 gold pieces at shops.

Inventory:

Hand Weapons
 a - a +0 dagger of venom
Missiles
 s - 4 javelins (quivered)
Armour
 g - a +0 scale mail (worn)
 q - a +0 cloak
Jewellery
 f - a ring of positive energy (left hand)
 j - a ring of protection from cold (right hand)
 r - a ring of wizardry
Talismans
 c - a beast talisman (active)
 d - a flux talisman
Wands
 t - a wand of polymorph (13)
Scrolls
 b - 2 scrolls of amnesia
 i - a scroll of enchant armour {unknown}
 m - a scroll of enchant weapon
 p - 3 scrolls of revelation
 u - a scroll of torment
Potions
 e - a potion of might {unknown}
 h - 2 potions of haste
 k - a potion of lignification
 o - a potion of ambrosia
 v - a potion of brilliance {unknown}


   Skills:
 - Level 5.0 Fighting
 - Level 2.1 Dodging
 - Level 2.0 Stealth
 - Level 8.0 Unarmed Combat
 + Level 5.9 Shapeshifting


You had 7 spell levels left.
You didn't know any spells.
Your spell library contained the following spells:

 Spells                   Type           Power      Damage    Failure   Level
 Summon Small Mammal      Summ           0%         N/A       82%         1
 Call Canine Familiar     Summ           0%         N/A       99%         3
 Summon Blazeheart Golem  Fire/Summ      0%         N/A       100%        4


Dungeon Overview and Level Annotations

Branches:
Dungeon (7/15)
 Temple: D:4-7

Altars:
Ashenzari
Cheibriados
Dithmenos
Fedhas
Hepliaklqana
Makhleb

Shops:
D:4 *   D:5 :?(

Annotations:
D:3 exclusion: downstairs
D:5 exclusion: downstairs


Innate Abilities, Weirdness & Mutations

You are a hulking beast.
Your limbs bulge with bestial killing power. (Slay +3)
You are amphibious.
You cover ground slowly.
You can hop short distances.
You have an extended range of vision and can be seen from far away.
You have a pair of small horns on your head.
You are weak. (Str -2)


Message History

Something hits you but does no damage.
Something hits you but does no damage. x2
You miss something. Your headbutt misses something. Something hits you!
* * * LOW HITPOINT WARNING * * *
Something completely misses you.
You barely miss something. Something hits you!
* * * LOW HITPOINT WARNING * * *
Something hits you.
* * * LOW HITPOINT WARNING * * *
Your surroundings suddenly seem different. 2 black bears come into view.
You feel better. The black bear bites you!
* * * LOW HITPOINT WARNING * * *
The black bear claws you but does no damage. x2
You feel yourself speed up.
The black bear bites you but does no damage.
The black bear claws you but does no damage.
The black bear barely misses you. The black bear bites you.
* * * LOW HITPOINT WARNING * * *
The black bear claws you but does no damage.
The black bear barely misses you.
The black bear attacks as it pursues you!
The black bear barely misses you. The black bear closely misses you.
The black bear claws you.
* * * LOW HITPOINT WARNING * * *
Found a stone staircase leading down.
There is a stone staircase leading down here.
You climb downwards.
Reactivating autopickup.
There is a stone staircase leading up here.
Unknown command.
A sky beast and 3 kobolds come into view.
The kobold shouts! x2; You hear a shout! x2
A kobold comes into view.
It is wielding a +2 short sword of draining.
A kobold brigand comes into view.
It is wielding a +0 club and quivering poisoned darts.
A kobold comes into view.
It is wielding a +0 short sword and quivering poisoned darts.
The kobold shouts!
The wight hits you with a +2 dagger of freezing.
You die...

##### ....#
#...###
#######Y....
#........# ##
#..zz..##.....
#..z#h.Y.K...#
#####...###.~♣
.....K.
####.##.P~~ ..


KKK ### K♣ # You could see 2 sky beasts, a kobold brigand, 2 wights and 5
kobolds.

Vanquished Creatures
  An ice beast (D:5)
  A centaur (D:5)
  2 ogres
  2 phantoms
  Blork the orc (D:3)
  2 scorpions (D:4)
  A bombardier beetle (D:4)
  A jelly (D:6)
  An orc priest (D:5)
  2 hounds (D:5)
  2 iguanas (D:5)
  Jessica (D:2)
  Terence (D:2)
  An orc wizard (D:6)
  6 adders
  A shadow imp (D:5)
  5 dart slugs
  2 ribbon worms
  5 orcs
  5 bats
  5 endoplasms
  7 goblins
  6 hobgoblins
  3 jackals (D:1)
  5 kobolds
  3 quokkas
  5 ball pythons
  5 frilled lizards
  8 rats
90 creatures vanquished.

Notes
Turn   | Place    | Note
-------+----------+-------------------------------------------
     0 | D:1      | ragingrage the Barachi Shapeshifter began the quest for the
                  | Orb.
     0 | D:1      | Reached XP level 1. HP: 15/15 MP: 1/1
    89 | D:1      | Reached skill level 1 in Stealth
    89 | D:1      | Reached XP level 2. HP: 19/21 MP: 2/2
   335 | D:1      | Reached skill level 4 in Unarmed Combat
   335 | D:1      | Reached XP level 3. HP: 26/26 MP: 3/3
  1146 | D:2      | Noticed Jessica
  1156 | D:2      | Killed Jessica
  1157 | D:2      | Reached XP level 4. HP: 24/32 MP: 4/4
  1191 | D:2      | Noticed Terence
  1206 | D:2      | Killed Terence
  1207 | D:2      | Reached skill level 5 in Unarmed Combat
  1317 | D:2      | Found a faded altar of an unknown god.
  1593 | D:3      | Reached XP level 5. HP: 25/37 MP: 5/5
  1733 | D:3      | Found a burning altar of Makhleb.
  1794 | D:3      | Noticed an ogre
  1809 | D:3      | Killed an ogre
  1810 | D:3      | Reached skill level 6 in Unarmed Combat
  1948 | D:3      | Found a hazy altar of Hepliaklqana.
  1949 | D:3      | Found a shadowy altar of Dithmenos.
  1949 | D:3      | Noticed a shadow
  2092 | D:3      | Found a blossoming altar of Fedhas.
  2253 | D:3      | Found a snail-covered altar of Cheibriados.
  2352 | D:4      | Reached XP level 6. HP: 43/43 MP: 6/6
  2362 | D:4      | Found Gysaonus's General Store.
  2454 | D:4      | Bought a potion of berserk rage for 65 gold pieces
  2454 | D:4      | Bought a scroll of identify for 26 gold pieces
  2454 | D:4      | Bought a potion of degeneration for 13 gold pieces
  2472 | D:4      | Reached skill level 7 in Unarmed Combat
  2770 | D:5      | Entered Level 5 of the Dungeon
  2795 | D:5      | Reached skill level 8 in Unarmed Combat
  2795 | D:5      | Reached XP level 7. HP: 27/49 MP: 7/7
  2939 | D:4      | Noticed Blork the orc
  3017 | D:3      | Killed Blork the orc
  3266 | D:5      | Found Ategat's Magic Scroll Emporium.
  3268 | D:5      | Found Ynud's Weapon Shop.
  3268 | D:5      | Found Xob Hunu's Book Shop.
  3452 | D:5      | Found a broken altar of Ashenzari.
  3465 | D:5      | HP: 1/52 [ogre/+0 giant spiked club (11)]
  3513 | D:5      | Gained mutation: You have a pair of small horns on your
                  | head. [potion of mutation]
  3513 | D:5      | Gained mutation: You are weak. (Str -2) [potion of
                  | mutation]
  3815 | D:5      | Reached skill level 5 in Shapeshifting
  3815 | D:5      | Reached XP level 8. HP: 57/61 MP: 8/8
  3909 | D:5      | Reached skill level 5 in Fighting
  4587 | D:6      | HP: 3/62 [something (7)]
  4587 | D:6      | HP: 1/62 [something (2)]
  4592 | D:6      | HP: 2/62 [black bear (1)]
  4604 | D:7      | Slain by a wight

Illustrated notes

Levels and vault maps discovered:
D:1:      psy_arrival_basics, layout_basic
D:2:      layout_rooms, hellmonk_ecumenical_altar_heavens_door, uniq_jessica,
          uniq_terence
D:3:      layout_rooms, riverfiend_overflow_shadow_ancestor,
          mainiacjoe_overflow_boulevard, mainiacjoe_overflow_small_starburst,
          bloody_makhleb
D:4:      layout_basic, grunt_temple_overflow_opulence, serial_shops, shop,
          gammafunk_ghost_gnarly_gnolls, minmay_misc_feat_four_crosses,
          dreamdust_princess_corridor, pf_guarded_unrand_meek, uniq_edmund,
          uniq_blork_the_orc
D:5:      layout_basic, lemuel_crystal_altar, serial_corexii_hall,
          corexii_hall_statues_l, corexii_hall_statues_t, kennysheep_doodads,
          nicolae_wooded_promenade
D:6:      layout_cave_pools, mainiacjoe_overflow_divided_tiny,
          minmay_overflow_temple_star_quad, minmay_temple_entry_grid,
          item_on_display_a
D:7:      layout_basic, nicolae_uskayaw_suspiria,
          pdpol_wu_jian_five_deadly_venoms, nicolae_overflow_hidden_temple,
          trog_ov_bears_minmay, serial_bayou_pond_e

Skill      XL: |  1  2  3  4  5  6  7  8 |
---------------+-------------------------+-----
Stealth        | 1 2 |  2.0
Unarmed Combat | 4 5 6 8 |  8.0
Fighting       | 4 5 |  5.0
Shapeshifting  | 5 |  5.9
Dodging        | |  2.1

Action                     |  1- 3 |  4- 6 |  7- 9 || total
---------------------------+-------+-------+-------++-------
  Melee: Unarmed           |    85 |    62 |    90 ||   237
         Punch             |     2 |     1 |     4 ||     7
         Dagger            |       |    71 |     3 ||    74
         Headbutt          |       |       |     3 ||     3
  Throw: Javelin           |       |       |     6 ||     6
Ability: Hop               |     1 |     1 |     1 ||     3
    Use: Potion            |       |     3 |     7 ||    10
         Scroll            |       |     8 |     4 ||    12
 Armour: Animal skin       |    19 |       |       ||    19
         Scale mail        |    43 |    96 |   114 ||   253
         Skin              |       |     3 |       ||     3
  Dodge: Dodged            |    32 |    57 |    27 ||   116

Table legend: (Time is in decaauts)
 A = Elapsed time spent in this place.
 B = Non-inter-level travel time spent in this place.
 C = Inter-level travel time spent in this place.
 D = Time resting spent in this place.
 E = Time spent auto-exploring this place.
 F = Levels seen in this place.
 G = Mean time per level.
                   A        B        C        D        E       F      G
               +--------+--------+--------+--------+--------+-----+--------+
         Total |   5094 |   4831 |    263 |   1145 |   2725 |   7 |  727.7 |
       Dungeon |   5094 |   4831 |    263 |   1145 |   2725 |   7 |  727.7 |
               +--------+--------+--------+--------+--------+-----+--------+

Top non-repeatable levels by time:
     D:5: 1521 daAuts
     D:3: 1166 daAuts
     D:1: 1133 daAuts
     D:2: 738 daAuts
     D:4: 398 daAuts
     D:6: 134 daAuts
     D:7: 2 daAuts
